 Seeded DCSS version 0.30-a0-218-gedb9141078 (webtiles) character file.

Game seed: 6300256942236829864 (custom seed)

107539 Iusername the Peltast (level 15, -7/141 HPs)
             Began as a Minotaur Fighter on Oct 4, 2022.
             Was the Champion of Qazlal.
             Mangled by an orc warlord
             ... wielding a +0 great sword of flaming
              (34 damage)
             ... on level 2 of the Orcish Mines on Oct 5, 2022.
             The game lasted 01:00:29 (26423 turns).

Iusername the Peltast (Minotaur Fighter)           Turns: 26423, Time: 01:00:31

Health: -7/141     AC: 24    Str: 37    XL:     15   Next: 63%
Magic:  24/24      EV: 10    Int:  5    God:    Qazlal [******]
Gold:   1668       SH: 22    Dex: 13    Spells: 14/14 levels left

rFire   + . .      SeeInvis +    B - +6 trident "Dogusch" {pain, rC++ MP+9 Str+4 Dex-2}
rCold   + + +      Faith    .    A - +0 kite shield
rNeg    . . .      Spirit   .    p - +4 plate armour {rC+}
rPois   .          Reflect  .    (helmet restricted)
rElec   .          Harm     .    g - +0 cloak
rCorr   .          Rampage  .    y - +0 pair of gloves
Will    +....                    (no boots)
Stlth   ..........               h - amulet of regeneration
HPRegen 1.23/turn                d - ring "Gulil" {rF+ Dex+4 SInv}
MPRegen 0.19/turn                t - +6 ring of strength

@: repel missiles
A: horns 2, retaliatory headbutt
}: 1/15 runes: decaying
a: Renounce Religion, Upheaval, Elemental Force, Disaster Area


You were on level 2 of the Orcish Mines.
You worshipped Qazlal.
Qazlal was exalted by your worship.
You visited 4 branches of the dungeon, and saw 23 of its levels.
You visited 1 bazaar.

You collected 2168 gold pieces.
You spent 500 gold pieces at shops.

Inventory:

Hand Weapons
 B - the +6 trident "Dogusch" (weapon) {pain, rC++ MP+9 Str+4 Dex-2}
   (You found it on level 3 of the Lair of Beasts)

   In the hands of one skilled in necromantic magic, it inflicts extra damage on
   living creatures.
   Str:       It affects your strength (+4).
   Dex:       It affects your dexterity (-2).
   rC:        It greatly protects you from cold.
   MP:        It affects your magic capacity (+9).
 I - a +4 vorpal spear
Armour
 g - a +0 cloak (worn)
 p - a +4 plate armour of cold resistance (worn)
 y - a +0 pair of gloves (worn)
 A - a +0 kite shield (worn)
Jewellery
 d - the ring "Gulil" (left hand) {rF+ Dex+4 SInv}
   (You acquired it on level 3 of the Dungeon)

   [ring of protection from fire]

   Dex:       It affects your dexterity (+4).
   rF:        It protects you from fire.
   SInv:      It lets you see invisible.
 h - an amulet of regeneration (around neck)
 t - a +6 ring of strength (right hand)
Wands
 b - a wand of digging (10)
 k - a wand of flame (10) (quivered)
 l - a wand of acid (5)
 F - a wand of roots (24)
 G - a wand of paralysis (13)
 M - a wand of mindburst (12)
Scrolls
 a - 3 scrolls of magic mapping
 c - 2 scrolls of amnesia
 e - 5 scrolls of identify
 n - 5 scrolls of silence
 r - 4 scrolls of butterflies
 v - 4 scrolls of teleportation
 w - a scroll of enchant weapon
Potions
 f - 2 potions of mutation
 i - 2 potions of lignification
 j - 10 potions of curing
 m - 11 potions of flight
 q - 2 potions of cancellation
 u - 2 potions of heal wounds
 x - 7 potions of attraction
 z - 5 potions of brilliance
 K - a potion of resistance
Miscellaneous
 C - a phantom mirror
 J - a lightning rod (3/4)


   Skills:
 + Level 15.5 Fighting
 + Level 16.1 Polearms
 + Level 16.0 Armour
 + Level 5.1 Dodging
 + Level 3.0 Stealth
 + Level 19.0 Shields
 + Level 2.2 Invocations
 + Level 1.7 Evocations


You had 14 spell levels left.
You didn't know any spells.
Your spell library contained the following spells:

 Spells                   Type           Power      Damage    Failure   Level
 Beastly Appendage        Tmut           0%         N/A       96%         1
 Magic Dart               Conj           0%         1d3       96%         1
 Necrotise                Necr           0%         1d4       96%         1
 Call Imp                 Summ           0%         N/A       99%         2
 Cigotuvi's Dreadful Rot  Necr/Pois/Air  0%         N/A       99%         2
 Searing Ray              Conj           0%         2d4       99%         2
 Wereblood                Tmut           0%         N/A       99%         2
 Dazzling Flash           Conj/Hex       0%         N/A       100%        3
 Gell's Gravitas          Tloc           0%         N/A       100%        3
 Lesser Beckoning         Tloc           0%         N/A       100%        3
 Mephitic Cloud           Conj/Pois/Air  0%         N/A       100%        3
 Spider Form              Tmut/Pois      0%         N/A       100%        3
 Stone Arrow              Conj/Erth      0%         3d7       100%        3
 Teleport Other           Tloc           0%         N/A       100%        3
 Vampiric Draining        Necr           0%         2d6       100%        3
 Animate Armour           Summ/Erth      0%         N/A       100%        4
 Dispel Undead            Necr           0%         3d6       100%        4
 Fulminant Prism          Conj/Hex       0%         3d6       100%        4
 Agony                    Necr           0%         N/A       100%        5
 Alistair's Intoxication  Tmut/Pois      0%         N/A       100%        5
 Borgnjor's Vile Clutch   Necr/Erth      0%         N/A       100%        5
 Freezing Cloud           Conj/Ice/Air   0%         6-21      100%        5
 Silence                  Hex/Air        0%         N/A       100%        5
 Death Channel            Necr           0%         N/A       100%        6
 Eringya's Noxious Bog    Tmut/Pois      0%         N/A       100%        6
 Simulacrum               Ice/Necr       0%         N/A       100%        6
 Lehudib's Crystal Spear  Conj/Erth      0%         10d2      100%        8
 Polar Vortex             Ice            0%         N/A       100%        9


Dungeon Overview and Level Annotations

Branches:
Dungeon (12/15)            Temple (0/1) D:4            Lair (5/5) D:9
  Swamp (4/4) Lair:3       Spider (0/4) Lair:3        Slime (0/5) Lair:5
    Orc (2/2) D:12            Elf (0/3) Orc:2

Altars:
Dithmenos
Kikubaaqudgha
Nemelex Xobeh
Qazlal
Ru
Vehumet
The Shining One

Shops:
D:3 (   D:5 *=   D:7 (


Innate Abilities, Weirdness & Mutations

You have a pair of horns on your head.
You reflexively headbutt those who attack you in melee.


Message History

The orc shoots a bolt.
The bolt closely misses you.
The orc sorcerer shouts!
You hear a shout! x2
The orc shoots a bolt.
You block the bolt.
You hear a shout!
The orc warlord roars a battlecry!
The orcs go into a battle-frenzy!
You feel less protected from fire.
You hear a shout!
The orc shoots a bolt.
You block the bolt.
The orc warlord roars a battlecry!
You hear a shout!
You start resting.
You hear a shout! x2
An orc is nearby!
An orc is nearby!
An orc is nearby!
The orc knight shouts!
You hear a shout!
The orc knight roars a battlecry!
The orc warlord goes into a battle-frenzy!
You block the orc's attack.
You hear a shout! x3
You puncture the orc!
You kill the orc!
Qazlal accepts your kill.
The orc knight roars a battlecry!
The orc warlord hits you with a +0 great sword of flaming!!!
* * * LOW HITPOINT WARNING * * *
The orc warlord burns you!
* * * LOW HITPOINT WARNING * * *
The orc sorcerer's eyes start to glow.
The orc high priest prays to Beogh.
You hear a shout!
Things that are here:
a +0 whip; a +0 ring mail
Aiming: Phantom Mirror
Press: ? - help, Dir - move target, f - orc warlord
Aim: an orc warlord, wielding a +0 great sword of flaming and wearing a +0 plate armour (moderately wounded, strong) Nothing appears to happen.
The orc warlord hits you with a +0 great sword of flaming!!
You die...

### ## ##########.###.
##.##.##.#...#..
#...........)...
##.##.##........ ##
###.#...###......
##.#####..§...#.#....#..
#...#o#@.○..............
#...4oo#.☼°.............
##...oo###.○.##>.........
..#....oo.##...###.........
..........###.##...........
......#...#####............
≈§......o..#.###.###.......
≈≈......o.....### ##......
≈§........o..## ###..#...


You could see an orc warlord (strong), an orc knight (strong), an orc high
priest (strong), an ice devil (summoned), an orc warrior (strong) and 2 orcs.

Vanquished Creatures
  3 ghouls (Swamp:4)
  2 eleionomae (Swamp:2)
  A bunyip (Swamp:1)
  17 hydras
  A shambling mangrove (Swamp:4)
  A centaur warrior (D:10)
  A catoblepas (Lair:5)
  3 boulder beetles
  2 ghost crabs
  5 alligators
  5 two-headed ogres
  4 death yaks (Lair:5)
  A deep troll shaman (Lair:5)
  2 orc high priests (Orc:2)
  A spriggan berserker (Swamp:3)
  A deep elf knight (Swamp:3)
  6 goliath frogs
  10 swamp dragons
  7 spriggan druids
  2 bog bodies
  A lindwurm (Lair:5)
  A necromancer (D:12)
  8 orc knights (Orc:2)
  2 orc sorcerers
  An ugly thing (D:11)
  2 manticores
  3 will-o-the-wisps
  2 cyclopes
  11 elephants
  2 black mambas
  2 torpor snails
  10 cane toads
  2 gargoyles
  Maurice (D:9)
  A kobold demonologist (D:9)
  Psyche (D:12)
  6 komodo dragons
  An unseen horror (D:12)
  A rime drake (Lair:2)
  4 trolls
  7 tyrant leeches
  4 polar bears
  14 hornets
  2 dream sheep (Lair:4)
  4 blink frogs (Lair:5)
  8 spriggans
  3 vampires
  5 wyverns
  Sigmund (D:3)
  20 yaks
  2 shadows (D:10)
  3 wraiths
  Eustachio (D:6)
  6 basilisks
  27 vampire mosquitoes
  8 wargs
  11 water moccasins
  18 swamp worms
  15 orc warriors
  3 ice beasts
  7 black bears
  A sky beast (D:7)
  11 swamp drakes
  4 ogres
  15 wolves
  3 centaurs
  5 kobold brigands
  2 phantoms
  9 bullfrogs
  A gnoll sergeant (D:9)
  4 necrophages
  4 scorpions
  5 wights (D:7)
  11 killer bees
  2 howler monkeys
  A lava snake (D:10)
  2 hounds
  A jelly (D:5)
  A gnoll bouda (D:8)
  20 orc priests
  2 iguanas (D:5)
  Natasha (thrice) (D:4)
  21 orc wizards
  5 yak simulacra (D:12)
  2 wolf simulacra (D:12)
  A polar bear simulacrum (D:12)
  11 gnolls
  10 adders
  A shadow imp (D:6)
  2 worms
  A dart slug (D:2)
  54 orcs
  2 bats (D:2)
  8 endoplasms
  7 giant cockroaches
  7 goblins
  3 hobgoblins
  6 jackals
  25 kobolds
  7 quokkas
  6 ball pythons
  2 frilled lizards (D:2)
  3 rats (D:2)
  3 river rat simulacra (D:12)
600 creatures vanquished.

Vanquished Creatures (collateral kills)
  An eleionoma (Swamp:4)
  A kobold (D:9)
2 creatures vanquished.

Vanquished Creatures (others)
  An eleionoma (Swamp:4)
  A tyrant leech (Swamp:2)
  2 bloated husks
  A hornet (Swamp:1)
  A spriggan (Swamp:3)
  23 foxfires
  10 fungi
  18 plants
57 creatures vanquished.

Grand Total: 659 creatures vanquished

Notes
Turn   | Place    | Note
-------+----------+-------------------------------------------
     0 | D:1      | Iusername the Minotaur Fighter began the quest for the Orb.
     0 | D:1      | Reached XP level 1. HP: 19/19 MP: 0/0
    61 | D:1      | Found a faded altar of an unknown god.
    73 | D:1      | Reached XP level 2. HP: 27/27 MP: 1/1
    89 | D:1      | Prayed at the altar of an unknown god.
    89 | D:1      | Became a worshipper of Qazlal Stormbringer
    89 | D:1      | Reached * piety under Qazlal
   544 | D:2      | Reached XP level 3. HP: 33/33 MP: 2/2
   554 | D:2      | Reached skill level 4 in Shields
   760 | D:2      | Reached ** piety under Qazlal
  1121 | D:3      | Reached XP level 4. HP: 40/40 MP: 3/3
  1362 | D:3      | Found Pepucuy's Antique Weapon Shoppe.
  1407 | D:3      | Noticed Sigmund
  1419 | D:3      | Killed Sigmund
  1420 | D:3      | Reached skill level 5 in Polearms
  1420 | D:3      | Reached skill level 5 in Armour
  1420 | D:3      | Reached skill level 1 in Dodging
  1420 | D:3      | Reached XP level 5. HP: 32/47 MP: 4/4
  1420 | D:3      | Reached XP level 6. HP: 36/53 MP: 5/5
  1579 | D:3      | Identified a scroll of acquirement
  1579 | D:3      | Acquired the ring "Gulil" {rF+ Dex+4 SInv}
  1929 | D:4      | Identified the +0 robe of Qekkydgh {rElec Str-2 Slay+6}
  2158 | D:4      | Noticed Natasha
  2162 | D:4      | Reached skill level 5 in Fighting
  2165 | D:4      | Killed Natasha
  2192 | D:4      | Found a staircase to the Ecumenical Temple.
  2202 | D:4      | Reached XP level 7. HP: 56/61 MP: 6/6
  2239 | D:4      | Noticed Natasha
  2246 | D:4      | Killed Natasha
  2274 | D:4      | Noticed Natasha
  2281 | D:4      | Killed Natasha
  2346 | D:4      | Found a glowing golden altar of the Shining One.
  2473 | D:5      | Entered Level 5 of the Dungeon
  2592 | D:5      | Found Fefunk's Gadget Gallery.
  2724 | D:5      | Reached *** piety under Qazlal
  2730 | D:5      | Reached skill level 5 in Shields
  2998 | D:5      | Reached XP level 8. HP: 68/70 MP: 7/7
  3383 | D:5      | Reached skill level 6 in Shields
  3416 | D:5      | Found Fetodghom's Jewellery Boutique.
  3965 | D:6      | Reached skill level 7 in Shields
  4080 | D:6      | Noticed Eustachio
  4102 | D:6      | Reached XP level 9. HP: 78/78 MP: 8/8
  4106 | D:6      | Killed Eustachio
  4341 | D:7      | Paralysed by a hornet for 1 turns
  4343 | D:7      | Reached skill level 1 in Stealth
  4349 | D:7      | Reached skill level 10 in Polearms
  4373 | D:7      | Reached **** piety under Qazlal
  4525 | D:7      | Found Xisepiq's Weapon Boutique.
  5531 | D:8      | Found a radiant altar of Vehumet.
  5536 | D:8      | Found a sacrificial altar of Ru.
  5548 | D:8      | Reached skill level 8 in Shields
  5655 | D:8      | Paralysed by a hornet for 1 turns
  5683 | D:8      | Reached XP level 10. HP: 48/88 MP: 9/9
  6216 | D:8      | Found an ancient bone altar of Kikubaaqudgha.
  6216 | D:8      | Found a shadowy altar of Dithmenos.
  6611 | D:9      | Noticed an elephant
  6617 | D:9      | Reached ***** piety under Qazlal
  6629 | D:9      | Killed an elephant
  6919 | D:9      | Found a staircase to the Lair.
  6980 | D:9      | Reached skill level 1 in Invocations
  7141 | D:9      | Found a sparkling altar of Nemelex Xobeh.
  7156 | D:9      | Reached skill level 9 in Shields
  7394 | D:9      | Noticed Maurice
  7408 | D:9      | Killed Maurice
  8214 | D:10     | Entered Level 10 of the Dungeon
  8369 | D:10     | Noticed a two-headed ogre
  8378 | D:10     | Killed a two-headed ogre
  8528 | D:10     | Reached skill level 10 in Shields
  8531 | D:10     | Noticed a centaur warrior
  8540 | D:10     | Killed a centaur warrior
  8541 | D:10     | Reached skill level 10 in Armour
  8541 | D:10     | Reached XP level 11. HP: 49/97 MP: 10/10
  9166 | D:10     | Found a stormy altar of Qazlal.
  9490 | D:11     | Noticed a cyan ugly thing
  9502 | D:11     | Killed a cyan ugly thing
  9532 | D:11     | Found a flickering gateway to a bazaar.
  9534 | D:11     | Noticed a boulder beetle
  9577 | Bazaar   | Entered a bazaar
  9577 | Bazaar   | Found Woipysur's Book Shoppe.
  9585 | Bazaar   | Found Jouruak's Armour Emporium.
  9614 | Bazaar   | Found Jatsig's Distillery.
  9625 | Bazaar   | Found Acuemne's Assorted Antiques.
  9657 | Bazaar   | Bought a +4 plate armour of cold resistance for 500 gold
                  | pieces
  9735 | D:11     | Killed a boulder beetle
 10063 | D:11     | Reached skill level 10 in Fighting
 10452 | D:11     | Reached skill level 11 in Shields
 10872 | Lair:1   | Entered Level 1 of the Lair of Beasts
 11484 | Lair:1   | Noticed a six-headed hydra
 11492 | Lair:1   | Killed a six-headed hydra
 12098 | Lair:2   | Reached XP level 12. HP: 110/110 MP: 11/11
 12661 | Lair:3   | Reached skill level 12 in Shields
 12812 | Lair:3   | Found a staircase to the Swamp.
 12985 | Lair:3   | Identified the +6 trident "Dogusch" {pain, rC++ MP+9 Str+4
                  | Dex-2}
 13218 | Lair:3   | Found a hole to the Spider Nest.
 14397 | Lair:5   | Entered Level 5 of the Lair of Beasts
 14404 | Lair:5   | Noticed a boulder beetle
 14408 | Lair:5   | Noticed an eight-headed hydra
 14421 | Lair:5   | Reached skill level 13 in Shields
 15093 | Lair:5   | Killed an eight-headed hydra
 15105 | Lair:5   | Killed a boulder beetle
 15364 | Lair:5   | Reached XP level 13. HP: 119/119 MP: 12/12
 15451 | Lair:5   | Found a staircase to the Slime Pits.
 15544 | Lair:5   | Reached skill level 14 in Shields
 15587 | Lair:5   | Reached ****** piety under Qazlal
 16140 | Lair:5   | Found the +6 lightning scales {swift, rElec}
 16687 | Swamp:1  | Entered Level 1 of the Swamp
 16706 | Swamp:1  | Noticed a bunyip
 16707 | Swamp:1  | Upgraded the game from 0.30-a0-210-g01b79a254e to
                  | 0.30-a0-218-gedb9141078
 17174 | Swamp:1  | Noticed an eleionoma
 17185 | Swamp:2  | HP: 6/123 [poisoned by a swamp dragon (blast of poison)]
 17197 | Swamp:2  | Killed an eleionoma
 17198 | Swamp:2  | Reached skill level 15 in Shields
 17205 | Swamp:2  | Noticed an eleionoma
 17233 | Swamp:2  | Killed an eleionoma
 18004 | Swamp:1  | Killed a bunyip
 19610 | Swamp:2  | Reached XP level 14. HP: 122/130 MP: 14/14
 20100 | Swamp:3  | Reached skill level 1 in Evocations
 20407 | Swamp:3  | Reached skill level 16 in Shields
 20832 | Swamp:3  | Reached skill level 15 in Polearms
 21710 | Swamp:4  | Entered Level 4 of the Swamp
 22354 | Swamp:4  | Reached skill level 15 in Armour
 22420 | Swamp:4  | Reached skill level 17 in Shields
 23400 | Swamp:4  | Noticed a ghoul
 23409 | Swamp:4  | Noticed a ghoul
 23413 | Swamp:4  | Noticed a ghoul
 23597 | Swamp:4  | Killed a ghoul
 23598 | Swamp:4  | Reached skill level 5 in Dodging
 23598 | Swamp:4  | Reached XP level 15. HP: 137/139 MP: 15/15
 23790 | Swamp:4  | Reached skill level 18 in Shields
 23848 | Swamp:4  | Got a decaying rune of Zot
 24505 | D:12     | Reached skill level 15 in Fighting
 24604 | D:12     | Found a staircase to the Orcish Mines.
 25021 | D:12     | Noticed Psyche
 25027 | D:12     | Killed Psyche
 25216 | Orc:1    | Entered Level 1 of the Orcish Mines
 25583 | Orc:2    | Entered Level 2 of the Orcish Mines
 25927 | Orc:2    | Found a staircase to the Elven Halls.
 26344 | Orc:2    | Reached skill level 19 in Shields
 26423 | Orc:2    | Mangled by an orc warlord

Illustrated notes

Levels and vault maps discovered:
D:1:      matt_arrival_grand_opening, layout_rooms,
          ebering_ecumenical_altar_rust, minmay_misc_feat_rows
D:2:      layout_loops_ring
D:3:      layout_loops_ring, serial_shops, nicolae_shop_overgrown_old_shop,
          uniq_sigmund
D:4:      layout_rooms, lemuel_doored_altar, minmay_temple_entry_proselytizer,
          dk_vineyard_3, uniq_natasha
D:5:      layout_basic, serial_shops, nicolae_shop_hallway_stairs,
          nicolae_shop_gadgets
D:6:      layout_basic, uniq_eustachio
D:7:      layout_basic, serial_shops, nicolae_shop_bloodbath_and_beyond
D:8:      layout_basic, chequers_temple_overflow_statue_of_worship,
          nicolae_overflow_two_pavilions
D:9:      layout_roguey, nemelex_xobeh_ov_fountains_minmay, david_lair_generic,
          uniq_maurice
D:10:     layout_big_octagon, amcnicky_altar_gilded
D:11:     layout_gridville, serial_shops, bzr_entry_islet
D:12:     layout_small_grid, david_orc_3, eino_house_with_fridge, uniq_psyche
Lair:1:   layout_roguey
Lair:2:   layout_hall_layers
Lair:3:   layout_gridlike, minmay_swamp_entry_swarm,
          nicolae_spider_entry_non_spiders, serial_bayou_pond_c,
          lemuel_fruit_tree
Lair:4:   layout_misc_corridors, grunt_megastairs_2
Lair:5:   grunt_lair_end_beastmaster, layout_regular_city, slime_entry_1,
          infiniplex_staircase_pool_2, grunt_megastairs_1, lemuel_fruit_fields
Swamp:1:  layout_falls_marsh, evilmike_swamp_ruin_house_5, swamp_pool4
Swamp:2:  layout_falls_marsh, nicolae_swamp_tree_isthmus,
          nicolae_swamp_orc_logging_accident
Swamp:3:  cheibrodos_swamp_heart_of_darkness, layout_basic_swamp,
          evilmike_swamp_ruin_rubble_1
Swamp:4:  swamp, layout_basic_swamp, nicolae_swamp_feature_on_the_river_bank
Orc:1:    layout_caves
Orc:2:    st_orc_congregation, layout_caves, guppyfry_orc_lava_fort

Skill      XL: |  1  2  3  4  5  6  7  8  9 10 11 12 13 14 15 |
---------------+----------------------------------------------+-----
Fighting       | 4 5 6 7 9 11 12 13 14 15 | 15.5
Polearms       | 3 5 6 7 9 11 12 13 14 15 16 | 16.1
Armour         | 4 5 6 7 8 10 11 13 14 15 16 | 16.0
Shields        | 4 5 7 8 10 11 13 15 17 19 | 19.0
Dodging        | 1 2 3 4 5 |  5.1
Stealth        | 1 2 3 |  3.0
Invocations    | 1 2 |  2.2
Evocations     | 1 |  1.7

Action                   |  1- 3 |  4- 6 |  7- 9 | 10-12 | 13-15 || total
-------------------------+-------+-------+-------+-------+-------++-------
Melee: Trident           |    78 |    85 |   213 |   132 |  1259 ||  1767
       Headbutt          |     3 |     9 |    53 |   165 |   246 ||   476
       Spear             |       |       |   135 |   628 |       ||   763
Invok: Elemental Force   |       |       |       |     1 |     3 ||     4
       Upheaval          |       |       |       |       |     4 ||     4
       Disaster Area     |       |       |       |       |     1 ||     1
Evoke: Wand              |       |       |       |     2 |    28 ||    30
       Lightning rod     |       |       |       |       |     3 ||     3
       Phantom mirror    |       |       |       |       |     1 ||     1
  Use: Potion            |       |     1 |     1 |     4 |    18 ||    24
       Scroll            |       |     1 |     4 |    25 |    14 ||    44
 Stab: Invisible         |       |       |       |     4 |       ||     4
Armor: Scale mail        |    30 |    16 |    20 |       |       ||    66
       Plate armour      |       |       |    64 |   239 |   395 ||   698
       Skin              |       |       |       |       |    33 ||    33
Dodge: Dodged            |    29 |    24 |    73 |   170 |   284 ||   580
       Repelled          |       |       |       |     2 |    11 ||    13
Block: Buckler           |    16 |    24 |   126 |   234 |       ||   400
       Kite shield       |       |       |       |   141 |  1067 ||  1208

Table legend: (Time is in decaauts)
 A = Elapsed time spent in this place.
 B = Non-inter-level travel time spent in this place.
 C = Inter-level travel time spent in this place.
 D = Time resting spent in this place.
 E = Time spent auto-exploring this place.
 F = Levels seen in this place.
 G = Mean time per level.
                   A        B        C        D        E       F      G
               +--------+--------+--------+--------+--------+-----+--------+
         Total |  26027 |  24651 |   1376 |   6780 |  13596 |  24 | 1084.5 |
       Dungeon |  11386 |  10385 |   1001 |   1376 |   7377 |  12 |  948.8 |
          Lair |   6169 |   5934 |    235 |   1526 |   3650 |   5 | 1233.8 |
         Swamp |   7222 |   7083 |    139 |   3721 |   1958 |   4 | 1805.5 |
  Orcish Mines |   1123 |   1123 |      0 |    156 |    611 |   2 |  561.5 |
        Bazaar |    125 |    125 |      0 |      0 |      0 |   1 |  125.0 |
               +--------+--------+--------+--------+--------+-----+--------+

Top non-repeatable levels by time:
 Swamp:3: 2854 daAuts
 Swamp:2: 1733 daAuts
  Lair:4: 1528 daAuts
  Lair:3: 1510 daAuts
     D:9: 1497 daAuts
  Lair:5: 1449 daAuts
 Swamp:4: 1399 daAuts
     D:7: 1346 daAuts
 Swamp:1: 1233 daAuts
     D:8: 1205 daAuts
    D:10: 1174 daAuts
     D:5: 1165 daAuts
    D:11: 1044 daAuts
  Lair:1: 1016 daAuts
   Orc:2: 772 daAuts
